 Dungeon Crawl Stone Soup version 0.23-a0-296-ga3b1b28 (webtiles) character file.

44 Ijustatesigmund the Conjurer (level 3, -3/21 HPs)
             Began as an Octopode Conjurer on Oct 5, 2018.
             Killed by divine providence
             ... invoked by an orc priest
              (9 damage)
             ... on level 3 of the Dungeon.
             The game lasted 00:04:04 (1894 turns).

Ijustatesigmund the Conjurer (Octopode Conjurer)    Turns: 1894, Time: 00:04:04

Health: -3/21      AC:  1    Str:  7    XL:     3   Next: 60%
Magic:  0/6        EV: 13    Int: 17    God:
Gold:   31         SH:  0    Dex: 13    Spells: 0/6 levels left

rFire    . . .     SeeInvis .   e - +1 whip
rCold    + . .     Gourm    .   (no shield)
rNeg     . . .     Faith    .   (helmet restricted)
rPois    .         Spirit   .   (no amulet)
rElec    .         Reflect  .   f - ring of protection from cold
rCorr    .         Harm     .   (no ring)
MR       .....                  (no ring)
Stlth    ++++......             (no ring)
HPRegen  0.07/turn              (no ring)
MPRegen  0.10/turn              (no ring)
                                (no ring)
                                (no ring)

@: no status effects
A: almost no armour, stealthy swim, amphibious, 8 rings, constrict 8, camouflage
1, gelatinous body 1
a: no special abilities


You were on level 3 of the Dungeon.
You were not hungry.

You visited 2 branches of the dungeon, and saw 5 of its levels.

You collected 31 gold pieces.

Inventory:

Hand Weapons
 e - a +1 whip (weapon)
Jewellery
 f - a ring of protection from cold (left tentacle)
Wands
 g - a wand of enslavement (10)
Potions
 a - a potion of haste {unknown}
 d - a potion of heal wounds
Comestibles
 b - 3 rations


   Skills:
 - Level 2.0 Dodging
 + Level 4.2 Stealth
 - Level 2.0 Spellcasting
 + Level 4.5 Conjurations
 + Level 0.7 Hexes


You couldn't memorise any spells.
You knew the following spells:

 Your Spells              Type           Power        Failure   Level  Hunger
a - Magic Dart            Conj           ###.         3%          1    #......
b - Searing Ray           Conj           ###...       4%          2    ###....
c - Dazzling Spray        Conj/Hex       ##....       21%         3    ###....

Your spell library contained the following spells:

 Spells                   Type           Power        Failure   Level  Hunger
 Iskenderun's Mystic Bla  Conj           ###.....     28%         4    #####..
 Fulminant Prism          Conj/Hex       ##........   54%         4    #####..
 Force Lance              Conj/Tloc      #.......     58%         4    #####..


Dungeon Overview and Level Annotations

Branches:
Dungeon (4/15)             Temple (1/1) D:4

Altars:
Ashenzari
Cheibriados
Elyvilon
Fedhas
Gozag
Hepliaklqana
Kikubaaqudgha
Makhleb
Nemelex Xobeh
Okawaru
Qazlal
Ru
Sif Muna
Trog
Uskayaw
Vehumet
Wu Jian
Xom
Yredelemnul
Zin
The Shining One


Innate Abilities, Weirdness & Mutations

You cannot wear most types of armour.
You are very stealthy in the water. (Stealth+)
You are amphibious.
You can wear up to eight rings at the same time.
You can use your tentacles to constrict eight enemies at once.
Your skin changes colour to match your surroundings (Stealth+).
Your rubbery body absorbs attacks. (AC +1, EV +1)


Message History

The magic dart hits the orc.
You kill the orc!
Casting: Magic Dart (safe; 3% risk of failure)
Confirm with . or Enter, or press ? or * to list all spells.
Aiming: Searing Ray (safe; 4% risk of failure)
Press: ? - help, Shift-Dir - straight line, f - orc priest
Aim: an orc priest, wielding a hand axe and wearing a leather armour The searing ray hits the orc priest.
The orc priest is lightly wounded. (Press . to maintain the ray.)
The orc priest mumbles some strange prayers to Beogh against you.
Beogh smites you!
Ouch! That really hurt!
* * * LOW HITPOINT WARNING * * *
The searing ray hits the orc priest.
The orc priest is moderately wounded.
Without enough magic to sustain it, your searing ray dissipates.
The orc priest calls down the wrath of Beogh upon you.
Beogh smites you!
You die...

#.......†.#
#......##.###
#.............
######.......#.####
.o......#......#
o#####$###o..#.#
#.........#
######.#### #@# #+#
... ..... .......
.........
+.K..o....+
#.........#


You could see an orc priest.

Vanquished Creatures
  An ooze (D:1)
  A worm (D:1)
  3 dart slugs
  An orc (D:3)
  4 bats
  4 giant cockroaches
  4 goblins
  A hobgoblin (D:1)
  2 frilled lizards (D:1)
  2 kobolds
  7 rats (D:1)
30 creatures vanquished.

Notes
Turn   | Place    | Note
-------+----------+-------------------------------------------
     0 | D:1      | Ijustatesigmund the Octopode Conjurer began the quest for
                  | the Orb.
     0 | D:1      | Reached XP level 1. HP: 11/11 MP: 3/3
   336 | D:1      | Reached XP level 2. HP: 17/17 MP: 0/5
   344 | D:1      | Learned a level 2 spell: Searing Ray
   936 | D:1      | Reached XP level 3. HP: 21/21 MP: 0/6
  1196 | D:1      | Learned a level 3 spell: Dazzling Spray
  1346 | D:2      | You fall through a shaft for 2 floors!
  1349 | D:4      | Found a staircase to the Ecumenical Temple.
  1358 | Temple   | Entered the Ecumenical Temple
  1894 | D:3      | Killed from afar by an orc priest

Vault maps used:
D:1:      evilmike_arrival_run_for_it
D:4:      minmay_temple_entry_junction, serial_shops, shop
Temple:   minmay_crystal_snake_temple

Skill      XL: |  1  2  3 |
---------------+----------+-----
Stealth        | 3 4 |  4.2
Dodging        | |  2.0
Spellcasting   | |  2.0
Conjurations   | |  4.5
Hexes          | |  0.7

Action                   || total
-------------------------++-------
Melee: Unarmed           ||     5
       Constrict         ||     7
       Tentacles         ||     4
       Whip              ||    15
 Cast: Magic Dart        ||    54
       Searing Ray       ||     1
  Use: Scroll            ||     3
       Potion            ||     1
 Stab: Sleeping          ||     1
  Eat: Chunk             ||     4
Armor: Skin              ||     5
Dodge: Dodged            ||    13

Table legend:
 A = Non-vault XP
 B = Vault XP
 C = Vault XP percentage of total XP
 D = Non-vault monster count
 E = Vault monster count
 F = Vault count percentage of total count
                 A         B        C        D         E       F
            +---------+---------+-------+---------+---------+-------
      Total |      58 |       5 |   7.9 |      29 |       1 |   3.3
            +---------+---------+-------+---------+---------+-------
        D:1 |      29 |       5 |  14.7 |      17 |       1 |   5.6
        D:2 |      11 |       0 |   0.0 |       5 |       0 |   0.0
        D:3 |      14 |       0 |   0.0 |       6 |       0 |   0.0
        D:4 |       4 |       0 |   0.0 |       1 |       0 |   0.0
            +---------+---------+-------+---------+---------+-------
